 Dungeon Crawl Stone Soup version 0.26.0-10-g1f06aea511 (webtiles) character file.

Game seed: 1754614086060789342

740 night the Grappler (level 7, -6/61 HPs)
             Began as a Ghoul Gladiator on Jan 23, 2021.
             Mangled by Pikel
             ... wielding a +1 whip of electrocution
              (19 damage)
             ... on level 5 of the Dungeon.
             The game lasted 00:06:42 (3739 turns).

night the Grappler (Ghoul Gladiator)                Turns: 3739, Time: 00:06:43

Health: -6/61      AC:  9    Str: 19    XL:     7   Next: 75%
Magic:  15/15      EV:  7    Int:  4    God:
Gold:   280        SH:  7    Dex: 10    Spells: 6/6 levels left

rFire    + . .     SeeInvis .     - Unarmed
rCold    + . .     Faith    .   p - +0 kite shield
rNeg     + + +     Spirit   .   x - +2 scale mail {Will+}
rPois    ∞         Reflect  .   b - +0 helmet
rElec    .         Harm     .   (no cloak)
rCorr    .         Rampage  .   (no gloves)
Will     +....                  (no boots)
Stlth    ..........             (no amulet)
HPRegen  0.00/turn              l - ring of protection from fire
MPRegen  0.14/turn              t - ring of magical power

@: no status effects
A: claws 1, cold resistance 1, negative energy resistance 3, inhibited
regeneration, torment resistance, unbreathing
a: no special abilities


You were on level 5 of the Dungeon.
You visited 1 branch of the dungeon, and saw 5 of its levels.

You collected 280 gold pieces.

Inventory:

Missiles
 c - 3 throwing nets
 s - 24 poisoned darts
 v - 4 boomerangs (quivered)
Armour
 b - a +0 helmet (worn)
 p - a +0 kite shield (worn)
 x - a +2 scale mail of willpower (worn)
Jewellery
 l - a ring of protection from fire (left claw)
 t - a ring of magical power (right claw)
Wands
 r - a wand of digging (6)
Scrolls
 d - 3 scrolls of enchant weapon {unknown}
 e - 5 scrolls of teleportation {unknown}
 f - a scroll of blinking {unknown}
 h - a scroll of enchant armour {unknown}
 i - a scroll of random uselessness {unknown}
 n - a scroll of amnesia {unknown}
 q - 3 scrolls of identify {unknown}
 u - 2 scrolls of remove curse {unknown}
Potions
 a - a potion of lignification {unknown}
 g - a potion of resistance
 j - 2 potions of attraction {unknown}
 k - a potion of mutation {unknown}
 m - a potion of curing
 o - a potion of ambrosia {unknown}
 w - 2 potions of might {unknown}


   Skills:
 + Level 5.6 Fighting
 - Level 1.7 Throwing
 - Level 2.6 Dodging
 * Level 8.2 Unarmed Combat


You had 6 spell levels left.
You didn't know any spells.
Your spell library was empty.

Dungeon Overview and Level Annotations

Branches:
Dungeon (5/15)
 Temple: D:4-7

Altars:
Uskayaw
Xom

Annotations:
D:5 Pikel


Innate Abilities, Weirdness & Mutations

You thrive by killing the living.
You are immune to poison.
You have sharp fingernails.
Your flesh is cold resistant. (rC+)
You are immune to negative energy. (rN+++)
You do not regenerate when monsters are visible.
You are immune to unholy pain and torment.
You can survive without breathing.


Message History

The lemure is heavily wounded.
The lemure hits you but does no damage.
You closely miss the lemure.
The lemure is heavily wounded.
The lemure hits you!
You closely miss the lemure.
The lemure is heavily wounded.
You closely miss Pikel. You scratch Pikel.
Pikel is lightly wounded.
Pikel hits you but does no damage.
You are electrocuted!
You closely miss Pikel.
Pikel is lightly wounded.
Pikel hits you with a +1 whip of electrocution.
You are electrocuted!
* * * LOW HITPOINT WARNING * * *
You claw Pikel!
Pikel is moderately wounded.
Pikel hits you but does no damage.
You are electrocuted!!
You die...

#..### #.#
#...#.#### ..##
#.# #.#......#
.##
##.###.#......#
##
#.............#
#..###........#
#..###...#..###
###..#....###.#
#......##.# #.#
# #.###@##..#
#.# # #.
#K##.## #.# .
555.( #.#
#55### #.# ...#
#.# ##..# #.#
#>.# #.# ...#
#.#


You could see Pikel, 4 lemures and a white imp.

Vanquished Creatures
  3 phantoms
  A centaur (D:5)
  Blork the orc (D:4)
  A scorpion (D:5)
  An orc priest (D:4)
  A gnoll shaman (D:5)
  2 worker ants
  An orc wizard (D:5)
  3 gnolls (D:5)
  2 adders
  2 shadow imps (D:5)
  An ooze (D:2)
  An adder zombie (D:5)
  An adder skeleton (D:4)
  A dart slug (D:1)
  4 leopard geckos
  8 orcs
  7 bats
  8 giant cockroaches
  5 goblins
  8 hobgoblins
  3 jackals (D:3)
  12 kobolds
  A quokka (D:2)
  4 frilled lizards
  5 rats
87 creatures vanquished.

Vanquished Creatures (others)
  8 plants (D:2)
8 creatures vanquished.

Grand Total: 95 creatures vanquished

Notes
Turn   | Place    | Note
-------+----------+-------------------------------------------
     0 | D:1      | night the Ghoul Gladiator began the quest for the Orb.
     0 | D:1      | Reached XP level 1. HP: 17/17 MP: 0/0
    85 | D:1      | Reached XP level 2. HP: 22/25 MP: 1/1
   350 | D:1      | Reached skill level 4 in Unarmed Combat
   538 | D:1      | Reached XP level 3. HP: 30/30 MP: 2/2
   753 | D:2      | You fall into a shaft and drop 1 floor!
  1083 | D:2      | Found a faded altar of an unknown god.
  1085 | D:2      | Reached XP level 4. HP: 38/38 MP: 3/3
  1206 | D:2      | Found a shimmering altar of Xom.
  1278 | D:2      | Found a shimmering altar of Xom.
  1279 | D:2      | Found a shimmering altar of Xom.
  1279 | D:2      | Found a shimmering altar of Xom.
  1438 | D:2      | Reached skill level 5 in Unarmed Combat
  2155 | D:4      | Reached XP level 5. HP: 15/45 MP: 4/4
  2614 | D:4      | Noticed Blork the orc
  2627 | D:4      | Killed Blork the orc
  2628 | D:4      | Reached skill level 6 in Unarmed Combat
  2628 | D:4      | Reached XP level 6. HP: 32/52 MP: 5/5
  2946 | D:4      | Noticed a phantom
  2979 | D:4      | Killed a phantom
  3209 | D:5      | Entered Level 5 of the Dungeon
  3285 | D:5      | Noticed a phantom
  3318 | D:5      | Noticed a phantom
  3328 | D:5      | Reached skill level 7 in Unarmed Combat
  3328 | D:5      | Reached XP level 7. HP: 43/60 MP: 6/6
  3339 | D:5      | Reached skill level 5 in Fighting
  3635 | D:5      | Reached skill level 8 in Unarmed Combat
  3643 | D:5      | Found a hide-covered altar of Uskayaw.
  3724 | D:5      | Noticed Pikel
  3739 | D:5      | Mangled by Pikel

Illustrated notes

Levels and vault maps discovered:
D:1:      sevenhm_arrival_forest_fort_small_3, layout_loops_cross
D:2:      layout_loops_ring, xom_redecorated, chequers_ecumenical_altar_island,
          serial_bayou_lake_a
D:3:      layout_loops_ring
D:4:      layout_gridville, uniq_blork_the_orc
D:5:      layout_rooms, lemuel_doored_altar, lemuel_temple_firewalk_b,
          uniq_pikel

Skill      XL: |  1  2  3  4  5  6  7 |
---------------+----------------------+-----
Unarmed Combat | 4 5 6 7 8 |  8.2
Fighting       | 3 4 5 |  5.6
Throwing       | |  1.7
Dodging        | |  2.6

Action                   |  1- 3 |  4- 6 |  7- 9 || total
-------------------------+-------+-------+-------++-------
Melee: Unarmed           |    96 |   162 |    66 ||   324
       Punch             |     1 |       |       ||     1
Throw: Boomerang         |       |       |     3 ||     3
  Use: Potion            |       |     4 |       ||     4
Armor: Leather armour    |    20 |       |       ||    20
       Scale mail        |    16 |    58 |    17 ||    91
Dodge: Dodged            |    47 |    68 |    14 ||   129
Block: Buckler           |     8 |    23 |       ||    31
       Kite shield       |       |     7 |    14 ||    21
